 Dungeon Crawl Stone Soup version 0.30-a0-591-g3c58d2bc28 (webtiles) character file.

Game seed: 3854476601151235955

65 night the Digger (level 3, -1/24 HPs)
             Began as a Vampire Earth Elementalist on Jan 5, 2023.
             Slain by Natasha (6 damage)
             ... on level 2 of the Dungeon.
             The game lasted 00:04:19 (1329 turns).

night the Digger (Vampire Earth Elementalist)       Turns: 1329, Time: 00:04:20

Health: -1/24      AC:  2    Str:  4 (7)  XL:     3   Next: 94%
Magic:  6/7        EV: 12    Int: 17 (19) God:
Gold:   49         SH:  0    Dex: 13 (14) Spells: 5/8 levels left

rFire   . . .      SeeInvis +    c - +0 dagger
rCold   . . .      Faith    .    (no shield)
rNeg    . . .      Spirit   .    a - +0 robe
rPois   .          Reflect  .    (no helmet)
rElec   .          Harm     .    (no cloak)
rCorr   .          Rampage  .    (no gloves)
Will    .....                    (no boots)
Stlth   ++                       (no amulet)
HPRegen 0.44/turn                (no ring)
MPRegen 0.10/turn                (no ring)

@: healing quickly, slowed, very slow
A: alive, fangs 3, see invisible, vampiric 2
a: Exsanguinate


You were on level 2 of the Dungeon.
You visited 1 branch of the dungeon, and saw 2 of its levels.

You collected 49 gold pieces.

Inventory:

Hand Weapons
 c - a +0 dagger (weapon)
Missiles
 f - 17 stones
 h - 5 poisoned darts
Armour
 a - a +0 robe (worn)
Jewellery
 k - an amulet of guardian spirit
Scrolls
 e - 4 scrolls of amnesia
 j - a scroll of fear {unknown}
 n - a scroll of identify {unknown}
Potions
 b - 2 potions of magic
 i - a potion of haste {unknown}
 l - a potion of mutation {unknown}
 m - a potion of lignification {unknown}
 o - a potion of resistance {unknown}


   Skills:
 - Level 2.1 Dodging
 - Level 3.0 Stealth
 + Level 3.1 Spellcasting
 - Level 1.1 Transmutations
 + Level 4.0 Earth Magic


You had 5 spell levels left.
You knew the following spells:

 Your Spells              Type           Power      Damage    Failure   Level
a - Sandblast             Erth           32%        2d9       3%          1
b - Passwall              Tmut/Erth      9%         N/A       9%          2

Your spell library contained the following spells:

 Spells                   Type           Power      Damage    Failure   Level
 Stone Arrow              Conj/Erth      18%        3d8       22%         3
 Gell's Gravitas          Tloc           2%         N/A       45%         3
 Lesser Beckoning         Tloc           4%         N/A       45%         3
 Teleport Other           Tloc           2%         N/A       45%         3
 Petrify                  Tmut/Erth      11%        N/A       52%         4


Dungeon Overview and Level Annotations

Branches:
Dungeon (2/15)

Altars:

Annotations:
D:2 Natasha, Terence


Innate Abilities, Weirdness & Mutations

Your natural rate of healing is accelerated.
You have razor-sharp teeth.
You have supernaturally acute eyesight. (SInv)
You are afflicted with vampirism and can become a bat while bloodless.


Message History

Terence shouts!
Terence zaps a wand.
The puff of flame misses you.
Natasha extends her claws.
Terence zaps a wand.
The puff of flame misses you.
Natasha stares at you and mumbles some strange words.
You feel yourself slow down.
Terence asks, "Do you want it fast or slow?"
Terence zaps a wand.
The puff of flame misses you. Natasha casts a spell at you.
The magic dart hits you!
Terence zaps a wand.
The puff of flame hits you!
* * * LOW HITPOINT WARNING * * *
The now-empty wand crumbles to dust.
Natasha casts a spell.
It was a potion of degeneration.
There was something very wrong with that liquid.
You feel weakened.
You feel dopey.
You feel clumsy. The quokka bites you.
* * * LOW HITPOINT WARNING * * *
The quokka misses you.
It was a potion of curing.
You feel better. The quokka bites you. x2
You completely miss the quokka. The quokka closely misses you. x2
You barely miss the quokka. The quokka bites you. x2
* * * LOW HITPOINT WARNING * * *
Natasha mumbles some strange words.
Natasha glows brightly for a moment.
You barely miss the quokka. The quokka misses you.
The quokka bites you but does no damage.
You hit the quokka but do no damage. The quokka closely misses you.
Natasha casts a spell.
The quokka bites you.
* * * LOW HITPOINT WARNING * * *
Casting: Sandblast (safe; 3% risk of failure)
Confirm with . or Enter, or press ? or * to list all spells.
Aiming: Sandblast (safe; 3% risk of failure)
Press: ? - help, Shift-Dir - straight line, f - quokka
Aim: a quokka (75% to hit)
The blast of sand hits the quokka!
You kill the quokka!
Natasha claws you.
You die...

#.....## .......
#......###.#...#........#
#...#...#..#............(
##........................
####....##....#...>..........
###....#..#....................
.............##.##............?
........).##.##.#....#......>.#
........####@#.rh.h............
........####h#.####.#..........
..#.....##..5..# #............
.......###...####$.............
##....###..### #..............
##....##...# #....#........#
##......### #....##......##
#..###..# #(...##....###
##†###..##


You could see Natasha and a crimson imp (summoned).

Vanquished Creatures
  Jessica (D:2)
  A dart slug (D:1)
  6 bats
  2 giant cockroaches
  6 goblins
  2 hobgoblins (D:1)
  6 jackals
  A kobold (D:1)
  4 quokkas
  A ball python (D:2)
  2 frilled lizards
  2 rats (D:1)
34 creatures vanquished.

Vanquished Creatures (others)
  5 toadstools (D:1)
5 creatures vanquished.

Grand Total: 39 creatures vanquished

Notes
Turn   | Place    | Note
-------+----------+-------------------------------------------
     0 | D:1      | night the Vampire Earth Elementalist began the quest for
                  | the Orb.
     0 | D:1      | Reached XP level 1. HP: 13/13 MP: 3/3
   134 | D:1      | Reached XP level 2. HP: 19/19 MP: 0/5
   503 | D:1      | Learned a level 2 spell: Passwall
   860 | D:1      | Gained mutation: You are afflicted with vampirism and can
                  | become a bat while bloodless. [Vampire growth]
   860 | D:1      | Reached XP level 3. HP: 18/24 MP: 2/7
  1130 | D:2      | Noticed Jessica
  1132 | D:2      | Killed Jessica
  1154 | D:2      | Reached skill level 4 in Earth Magic
  1304 | D:2      | Noticed Terence
  1309 | D:2      | Noticed Natasha
  1329 | D:2      | Slain by Natasha

Illustrated notes

Levels and vault maps discovered:
D:1:      ldierk_walled_garden, layout_loops_ring, st_stairs_13
D:2:      layout_rooms, uniq_natasha, uniq_jessica, uniq_terence

Skill      XL: |  1  2  3 |
---------------+----------+-----
Spellcasting   | 3 |  3.1
Earth Magic    | 4 |  4.0
Dodging        | |  2.1
Stealth        | |  3.0
Transmutations | |  1.1

Action                   || total
-------------------------++-------
Melee: Dagger            ||    29
       Bite              ||     2
 Cast: Sandblast         ||    35
       Passwall          ||     1
  Use: Scroll            ||     5
       Potion            ||     2
 Stab: Sleeping          ||     6
Armor: Robe              ||     7
Dodge: Dodged            ||    46

Table legend: (Time is in decaauts)
 A = Elapsed time spent in this place.
 B = Non-inter-level travel time spent in this place.
 C = Inter-level travel time spent in this place.
 D = Time resting spent in this place.
 E = Time spent auto-exploring this place.
 F = Levels seen in this place.
 G = Mean time per level.
                   A        B        C        D        E       F      G
               +--------+--------+--------+--------+--------+-----+--------+
         Total |   1353 |   1343 |     10 |    153 |    912 |   2 |  676.5 |
       Dungeon |   1353 |   1343 |     10 |    153 |    912 |   2 |  676.5 |
               +--------+--------+--------+--------+--------+-----+--------+

Top non-repeatable levels by time:
     D:1: 1057 daAuts
     D:2: 295 daAuts
